 Dungeon Crawl Stone Soup version 0.25-a0-781-gc44aebf4fe (webtiles) character file.

Game seed: 18339339793682400372, levelgen mode: deterministic

39 Astera the Sneak (level 3, 0/27 HPs)
             Began as a Spriggan Assassin on Apr 15, 2020.
             Succumbed to an adder's poison
             ... on level 1 of the Dungeon on Apr 16, 2020.
             The game lasted 00:09:26 (1639 turns).

Astera the Sneak (Spriggan Assassin)                Turns: 1639, Time: 00:09:27

Health: 0/27       AC: 21    Str:  7    XL:     3   Next: 28%
Magic:  4/4        EV:  4    Int: 12    God:
Gold:   38         SH:  0    Dex: 18    Spells: 2/2 levels left

rFire    . . .     SeeInvis +   a - +3 dagger
rCold    . . .     Gourm    .   (shield restricted)
rNeg     + + +     Faith    .   (armour currently unavailable)
rPois    +         Spirit   .   (helmet currently unavailable)
rElec    .         Reflect  .   (cloak currently unavailable)
rCorr    .         Harm     .   (gloves unavailable)
MR       .....     NoTele   +   (boots unavailable)
Stlth    ++++......             (no amulet)
HPRegen  0.09/turn              (no ring)
MPRegen  0.09/turn              (no ring)

@: brilliant, lethally poisoned (0 -> -6), tree-form
A: very small, unfitting armour, see invisible, herbivore, slow metabolism 2
a: no special abilities


You were on level 1 of the Dungeon.
You were not hungry.
You were a tree.
You visited 1 branch of the dungeon, and saw 2 of its levels.

You collected 38 gold pieces.

Inventory:

Hand Weapons
 a - a +3 dagger (weapon)
 g - a +0 hunting sling
Missiles
 d - 24 poisoned darts (quivered)
 e - 2 curare-tipped darts
Armour
 b - a +0 robe (melded)
 c - a +0 cloak (melded)
Scrolls
 h - a scroll of enchant weapon
 l - a scroll of fear
Comestibles
 f - 3 rations


   Skills:
 - Level 1.5 Fighting
 + Level 2.8 Short Blades
 - Level 2.0 Throwing
 + Level 2.4 Dodging
 * Level 7.0 Stealth


You had 2 spell levels left.
You didn't know any spells.
Your spell library was empty.

Dungeon Overview and Level Annotations

Branches:
Dungeon (2/15)

Altars:


Innate Abilities, Weirdness & Mutations

You are very small and have problems with some larger weapons.
You are too small for most types of armour.
You have supernaturally acute eyesight. (SInv)
You are a herbivore.
((You cover ground extremely quickly.))
You need to consume almost no food.


Message History

It was a potion of brilliance.
You feel clever all of a sudden.
* * * LOW HITPOINT WARNING * * *
You feel sick.
It was a potion of lignification.
You turn into a tree.
Your +0 cloak melds into your body.
Your +0 robe melds into your body.
Your roots penetrate the ground.
There is a lethal amount of poison in your body!
Okay, then.
As you read the scroll labeled LAJOIPP GAXT, it crumbles to dust.
It is a scroll of enchant weapon.
Your +2 dagger glows red for a moment.
* * * LOW HITPOINT WARNING * * *
You feel sick.
As you read the scroll labeled IRHAAF SASTIMP, it crumbles to dust.
It is a scroll of identify.
l - a scroll of fear
* * * LOW HITPOINT WARNING * * *
You feel sick.
You die...

#..÷.#....#.#.#.#
#.##÷..)........#
#+###########'###
#.#.#♣♣♣♣♣#.#.#
#.............# #######
#..♣..♣.♣..♣..# #####......
#≈#♣♣.)≈..♣♣#≈####...#.####.
#≈#P♣.≈≈≈.♣P#≈#....#.#.# #.
#≈#<..≈8≈.†♣#≈####...#.# #.
#≈#P♣.≈≈≈.♣P#≈# ##.##.# #.
#####≈#♣♣..≈..♣♣#≈# #.##.#
#. #...#..♣..♣.♣..♣..#
#.##.# #.
#.###[..........=.#####.##.#
#. #.#
#.#.#♣♣♣♣♣#.#.#...#.##.####.
#.#
#'###########'###........##.
#.#
#.........##..#####>........
#.###.#.####)..^....#
###.##....


There were no monsters in sight!

Vanquished Creatures
  An adder (D:1)
  2 dart slugs (D:1)
  A goblin (D:1)
  7 hobgoblins (D:1)
  7 bats (D:1)
  2 frilled lizards (D:1)
  4 kobolds (D:1)
  6 rats (D:1)
30 creatures vanquished.

Notes
Turn   | Place    | Note
-------+----------+-------------------------------------------
     0 | D:1      | Astera the Spriggan Assassin began the quest for the Orb.
     0 | D:1      | Reached XP level 1. HP: 10/10 MP: 2/2
   154 | D:1      | Reached skill level 6 in Stealth
   278 | D:1      | Reached XP level 2. HP: 10/14 MP: 3/3
  1610 | D:1      | Reached XP level 3. HP: 18/18 MP: 4/4
  1633 | D:1      | Reached skill level 7 in Stealth
  1637 | D:1      | HP: 1/27 [poisoned by an adder]
  1639 | D:1      | Succumbed to an adder's poison

Levels and vault maps discovered:
D:1:      tarquinn_simple_flora_water_b, layout_loops_ring, minmay_tetromino_t2
D:2:      layout_rooms, ashenzari_altar_1, uniq_jessica, uniq_natasha

Skill      XL: |  1  2  3 |
---------------+----------+-----
Stealth        | 6 7 |  7.0
Dodging        | 2 |  2.4
Fighting       | |  1.5
Short Blades   | |  2.8
Throwing       | |  2.0

Action                   || total
-------------------------++-------
Melee: Dagger            ||   116
  Use: Scroll            ||     2
       Potion            ||     2
 Stab: Distracted        ||     2
       Sleeping          ||     1
Armor: Robe              ||    19
Dodge: Dodged            ||    81

Table legend:
 A = Non-vault XP
 B = Vault XP
 C = Vault XP percentage of total XP
 D = Non-vault monster count
 E = Vault monster count
 F = Vault count percentage of total count
                 A         B        C        D         E       F
            +---------+---------+-------+---------+---------+-------
      Total |      56 |       1 |   1.8 |      29 |       1 |   3.3
            +---------+---------+-------+---------+---------+-------
        D:1 |      56 |       1 |   1.8 |      29 |       1 |   3.3
            +---------+---------+-------+---------+---------+-------
